[Event "56th Rubinstein Memorial A 2020"]
[Site "Polanica Zdroj"]
[Date "2020.08.18"]
[Round "4.15"]
[White "Wisniewski, Michal"]
[Black "Galant, Ireneusz"]
[Result "1-0"]
[ECO "A05"]
[WhiteElo "2127"]
[BlackElo "1803"]
[Annotator "ChessBase"]
[PlyCount "97"]
[EventDate "2020.08.15"]
[EventType "swiss"]
[EventCountry "POL"]
[SourceTitle "playchess.com"]
[Source "ChessBase"]
[SourceQuality "1"]
[TimeControl "40/5400+30:1800+30"]

1. Nf3 Nf6 2. d4 e6 3. Bf4 d5 4. Nbd2 Be7 5. e3 O-O 6. c3 b6 7. Bd3 Bb7 8. O-O Nbd7 9. a4 a6 10. h3 h6 11. Bh2 Re8 12. Qe2 Ne4 13. Bc2 Nxd2 14. Qxd2 Bf6 15. Bf4 g5 16. Bg3 Bg7 17. Qd3 f5 18. Nd2 c5 19. f3 Nf6 20. Be5 a5 21. Qe2 Nh5 22. Bh2 Ba6 23. Bd3 Bxd3 24. Qxd3 cxd4 25. cxd4 Nf6 26. Nb1 Rc8 27. Nc3 Rc6 28. Rac1 Qd7 29. Nb5 Rec8 30. Rxc6 Rxc6 31. Nc3 Rc4 32. g4 Qc8 33. Be5 Rb4 34. Rf2 Qc4 35. Qc2 Qb3 36. gxf5 Qxc2 37. Rxc2 Rc4 38. fxe6 Kf8 39. Rd2 Nh5 40. Bd6+ Kg8 41. Nxd5 Nf6 42. Nxf6+ Bxf6 43. Ba3 Rc1+ 44. Kg2 Re1 45. e4 h5 46. d5 Be5 47. d6 Kg7 48. d7 Bc7 49. e7 1-0

[Event "56th Rubinstein Memorial A 2020"]
[Site "Polanica Zdroj"]
[Date "2020.08.18"]
[Round "4.17"]
[White "Kolodziejski, Piotr"]
[Black "Poltorak, Sebastian"]
[Result "0-1"]
[ECO "B15"]
[WhiteElo "1928"]
[BlackElo "1974"]
[Annotator "ChessBase"]
[PlyCount "56"]
[EventDate "2020.08.15"]
[EventType "swiss"]
[EventCountry "POL"]
[SourceTitle "playchess.com"]
[Source "ChessBase"]
[SourceQuality "1"]
[TimeControl "40/5400+30:1800+30"]

1. e4 c6 2. d4 d5 3. Nc3 dxe4 4. Nxe4 Nf6 5. Nxf6+ exf6 6. Be3 Bd6 7. Nf3 O-O 8. Be2 Qc7 9. h3 Nd7 10. Qd3 Re8 11. O-O Nf8 12. c4 Ng6 13. d5 cxd5 14. cxd5 Nf4 15. Bxf4 Bxf4 16. Nd4 Bd7 17. Bf3 Rac8 18. Rad1 Qb6 19. b3 Qa5 20. a4 g6 21. Qb1 Be5 22. g4 Rc3 23. Kg2 Qb4 24. Qe4 Bc7 25. Qb1 Bb6 26. Nc2 Qf4 27. Ne3 Bxe3 28. fxe3 Rexe3 0-1

[Event "56th Rubinstein Memorial A 2020"]
[Site "Polanica Zdroj"]
[Date "2020.08.18"]
[Round "4.18"]
[White "Luberanski, Jakub"]
[Black "Siekanska, Maria"]
[Result "1-0"]
[ECO "A45"]
[WhiteElo "2146"]
[BlackElo "1928"]
[Annotator "ChessBase"]
[PlyCount "63"]
[EventDate "2020.08.15"]
[EventType "swiss"]
[EventCountry "POL"]
[SourceTitle "playchess.com"]
[Source "ChessBase"]
[SourceQuality "1"]
[TimeControl "40/5400+30:1800+30"]

1. d4 Nf6 2. Bf4 e6 3. e3 d5 4. Nf3 c5 5. c3 Nc6 6. Nbd2 Bd6 7. Bg3 O-O 8. Bd3 b6 9. Ne5 Bb7 10. f4 Ne7 11. O-O Nf5 12. Bf2 Be7 13. a4 a6 14. Qb1 Nd6 15. Bh4 Nfe4 16. Bxe7 Qxe7 17. Bxe4 dxe4 18. Nec4 Nxc4 19. Nxc4 b5 20. Nb6 Rad8 21. a5 f6 22. Qa2 Bd5 23. Qa3 b4 24. cxb4 cxb4 25. Qa4 Bb7 26. Rac1 e5 27. fxe5 fxe5 28. Rxf8+ Rxf8 29. Nd7 Rc8 30. Rxc8+ Bxc8 31. Nxe5 Bb7 32. Qd7 1-0

[Event "56th Rubinstein Memorial A 2020"]
[Site "Polanica Zdroj"]
[Date "2020.08.18"]
[Round "4.20"]
[White "Turski, Bartlomiej"]
[Black "Betkowski, Andrzej"]
[Result "1/2-1/2"]
[ECO "C02"]
[WhiteElo "1985"]
[BlackElo "2044"]
[Annotator "ChessBase"]
[PlyCount "47"]
[EventDate "2020.08.15"]
[EventType "swiss"]
[EventCountry "POL"]
[SourceTitle "playchess.com"]
[Source "ChessBase"]
[SourceQuality "1"]
[TimeControl "40/5400+30:1800+30"]

1. e4 e6 2. d4 d5 3. e5 c5 4. c3 Nc6 5. Nf3 Bd7 6. a3 f6 7. Bd3 Qc7 8. O-O O-O-O 9. Re1 c4 10. Bc2 fxe5 11. Nxe5 Nxe5 12. dxe5 Ne7 13. Nd2 Nc6 14. Qe2 g5 15. Nf3 h6 16. h4 Be8 17. hxg5 Bh5 18. g6 Qg7 19. Qe3 Bxg6 20. Bxg6 Qxg6 21. Nd4 Rg8 22. Qh3 Kd7 23. Be3 Be7 24. Rab1 1/2-1/2

[Event "56th Rubinstein Memorial A 2020"]
[Site "Polanica Zdroj"]
[Date "2020.08.19"]
[Round "5.2"]
[White "Butkiewicz, Lukasz"]
[Black "Zochowski, Kacper"]
[Result "1/2-1/2"]
[ECO "B90"]
[WhiteElo "2400"]
[BlackElo "2278"]
[Annotator "ChessBase"]
[PlyCount "41"]
[EventDate "2020.08.15"]
[EventType "swiss"]
[EventCountry "POL"]
[SourceTitle "playchess.com"]
[Source "ChessBase"]
[SourceQuality "1"]
[TimeControl "40/5400+30:1800+30"]

1. e4 c5 2. Nf3 d6 3. d4 cxd4 4. Nxd4 Nf6 5. Nc3 a6 6. h3 e5 7. Nde2 h5 8. Bg5 Be6 9. Bxf6 Qxf6 10. Nd5 Qd8 11. Ng3 g6 12. Bc4 Bh6 13. Nf1 Nc6 14. Nfe3 O-O 15. c3 b5 16. Bd3 Ne7 17. Nxe7+ Qxe7 18. Qe2 Qg5 19. h4 Qe7 20. g3 Qa7 21. Nc2 1/2-1/2

[Event "56th Rubinstein Memorial A 2020"]
[Site "Polanica Zdroj"]
[Date "2020.08.19"]
[Round "5.3"]
[White "Dahl, Christoph"]
[Black "Cukrowski, Filip"]
[Result "1/2-1/2"]
[ECO "B32"]
[WhiteElo "2228"]
[BlackElo "2419"]
[Annotator "ChessBase"]
[PlyCount "93"]
[EventDate "2020.08.15"]
[EventType "swiss"]
[EventCountry "POL"]
[SourceTitle "playchess.com"]
[Source "ChessBase"]
[SourceQuality "1"]
[TimeControl "40/5400+30:1800+30"]

1. e4 c5 2. Nf3 Nc6 3. d4 cxd4 4. Nxd4 Qb6 5. Nb3 Nf6 6. Nc3 e6 7. Bd3 a6 8. O-O d6 9. Qe2 Be7 10. Kh1 Qc7 11. Bd2 b5 12. a4 b4 13. Na2 d5 14. exd5 Nxd5 15. c3 Bb7 16. Nxb4 Ncxb4 17. cxb4 Bxb4 18. Bxb4 Nxb4 19. Rac1 Qe7 20. Nc5 Nxd3 21. Qxd3 O-O 22. Qd7 Qxd7 23. Nxd7 Rfd8 24. Nb6 Rab8 25. Rfd1 Bd5 26. a5 Bb3 27. Rd7 Rxd7 28. Nxd7 Rd8 29. Nc5 Bc4 30. Nb7 Rd7 31. b3 Rxb7 32. Rxc4 g5 33. g3 Rxb3 34. Rc6 Ra3 35. Rxa6 g4 36. Kg2 Ra2 37. Ra8+ Kg7 38. a6 Ra1 39. a7 h5 40. h3 e5 41. hxg4 hxg4 42. Re8 Rxa7 43. Rxe5 Kg6 44. Rc5 Ra1 45. Rc6+ f6 46. Rc4 f5 47. Rc2 1/2-1/2

[Event "56th Rubinstein Memorial A 2020"]
[Site "Polanica Zdroj"]
[Date "2020.08.19"]
[Round "5.4"]
[White "Sabuk, Piotr"]
[Black "Kucza, Karol"]
[Result "1-0"]
[ECO "C48"]
[WhiteElo "2377"]
[BlackElo "2245"]
[Annotator "ChessBase"]
[PlyCount "71"]
[EventDate "2020.08.15"]
[EventType "swiss"]
[EventCountry "POL"]
[SourceTitle "playchess.com"]
[Source "ChessBase"]
[SourceQuality "1"]
[TimeControl "40/5400+30:1800+30"]

1. e4 e5 2. Nf3 Nc6 3. Nc3 Nf6 4. Bb5 Nd4 5. O-O Nxb5 6. Nxb5 c6 7. Nc3 d6 8. d4 Qc7 9. Bg5 Be7 10. a4 Bg4 11. Bxf6 Bxf6 12. d5 Be7 13. Qd3 O-O 14. Nd2 Bd7 15. Nc4 b5 16. Ne3 b4 17. dxc6 bxc3 18. Nd5 Qd8 19. cxd7 cxb2 20. Ra2 Rb8 21. Rb1 Qxd7 22. Raxb2 Rxb2 23. Rxb2 Bd8 24. Qc4 Qg4 25. Rb1 h5 26. h3 Qd7 27. Rb5 h4 28. Qb3 Qc6 29. Rb8 Kh7 30. c3 Rg8 31. a5 Qc5 32. Qd1 g6 33. Qf3 Rf8 34. Rxd8 Rxd8 35. Qxf7+ Kh6 36. Ne7 1-0

[Event "56th Rubinstein Memorial A 2020"]
[Site "Polanica Zdroj"]
[Date "2020.08.19"]
[Round "5.5"]
[White "Golecki, Jan"]
[Black "Goluch, Piotr"]
[Result "1/2-1/2"]
[ECO "B13"]
[WhiteElo "2106"]
[BlackElo "2376"]
[Annotator "ChessBase"]
[PlyCount "82"]
[EventDate "2020.08.15"]
[EventType "swiss"]
[EventCountry "POL"]
[SourceTitle "playchess.com"]
[Source "ChessBase"]
[SourceQuality "1"]
[TimeControl "40/5400+30:1800+30"]

1. e4 c6 2. d4 d5 3. exd5 cxd5 4. Bd3 Nc6 5. c3 Nf6 6. Bf4 Bg4 7. Qb3 Na5 8. Qa4+ Bd7 9. Qc2 Qb6 10. a4 Rc8 11. Nd2 Nc4 12. Ra2 Nxd2 13. Bxd2 Ne4 14. Nf3 Nxd2 15. Qxd2 f6 16. O-O e6 17. b3 Bd6 18. c4 Qb4 19. Qc2 Kf7 20. Nh4 g5 21. Nf3 Kg7 22. Qe2 h5 23. c5 Bb8 24. Bb5 Bxb5 25. axb5 Qxb3 26. Rb2 Qc3 27. Rc2 Qa5 28. Qxe6 Qc7 29. g3 Qf7 30. Qf5 Rhe8 31. Re1 Rxe1+ 32. Nxe1 Re8 33. Nf3 Qe6 34. Qxe6 Rxe6 35. Nd2 Re1+ 36. Kg2 Kf7 37. Nf1 Ke6 38. c6 bxc6 39. Rxc6+ Kf5 40. Ne3+ Ke4 41. b6 Rb1 1/2-1/2

[Event "56th Rubinstein Memorial A 2020"]
[Site "Polanica Zdroj"]
[Date "2020.08.19"]
[Round "5.6"]
[White "Pultinevicius, Paulius"]
[Black "Balinski, Damian"]
[Result "1-0"]
[ECO "E62"]
[WhiteElo "2512"]
[BlackElo "2136"]
[Annotator "ChessBase"]
[PlyCount "93"]
[EventDate "2020.08.15"]
[EventType "swiss"]
[EventCountry "POL"]
[SourceTitle "playchess.com"]
[Source "ChessBase"]
[SourceQuality "1"]
[TimeControl "40/5400+30:1800+30"]

1. d4 Nf6 2. c4 g6 3. Nf3 Bg7 4. g3 d6 5. Bg2 O-O 6. O-O c6 7. Nc3 Qa5 8. Bd2 Qh5 9. Qb3 b6 10. Rfd1 Bh3 11. Bh1 h6 12. a4 Nbd7 13. a5 bxa5 14. Ra3 Nb6 15. Qa2 a4 16. Nxa4 Nxa4 17. Rxa4 Ne4 18. Ra5 e5 19. Be3 f5 20. dxe5 dxe5 21. Rxa7 Rxa7 22. Bxa7 f4 23. Qa5 Qg4 24. Nh4 fxg3 25. hxg3 Nxg3 26. fxg3 Qxg3+ 27. Ng2 e4 28. Rd8 Be5 29. Rxf8+ Kxf8 30. Qa3+ Kf7 31. Qxg3 Bxg3 32. b4 Ke6 33. Ne3 Bd6 34. Bxe4 Bxb4 35. Bxg6 Ke5 36. Kf2 Be6 37. Kf3 c5 38. Bb8+ Kd4 39. Kf4 Kc3 40. Bd3 Kb3 41. Bd6 Bf7 42. Nd5 Ba3 43. Kf5 h5 44. e4 Bg8 45. Nf6 Bxc4 46. Bxc4+ Kxc4 47. e5 1-0

[Event "56th Rubinstein Memorial A 2020"]
[Site "Polanica Zdroj"]
[Date "2020.08.19"]
[Round "5.7"]
[White "Luch, Michal"]
[Black "Wisniewski, Michal"]
[Result "1-0"]
[ECO "A06"]
[WhiteElo "2409"]
[BlackElo "2127"]
[Annotator "ChessBase"]
[PlyCount "25"]
[EventDate "2020.08.15"]
[EventType "swiss"]
[EventCountry "POL"]
[SourceTitle "playchess.com"]
[Source "ChessBase"]
[SourceQuality "1"]
[TimeControl "40/5400+30:1800+30"]

1. Nf3 d5 2. d4 c6 3. c4 e6 4. Qc2 Nf6 5. Nbd2 Qa5 6. g3 Be7 7. Bg2 dxc4 8. Qxc4 O-O 9. O-O Nbd7 10. Qc2 Qa6 11. Nc4 b5 12. Nce5 Bb7 13. Ng5 1-0

[Event "56th Rubinstein Memorial A 2020"]
[Site "Polanica Zdroj"]
[Date "2020.08.19"]
[Round "5.8"]
[White "Praczukowski, Stanislaw"]
[Black "Marszalek, Maciej"]
[Result "1/2-1/2"]
[ECO "C89"]
[WhiteElo "2132"]
[BlackElo "2315"]
[Annotator "ChessBase"]
[PlyCount "92"]
[EventDate "2020.08.15"]
[EventType "swiss"]
[EventCountry "POL"]
[SourceTitle "playchess.com"]
[Source "ChessBase"]
[SourceQuality "1"]
[TimeControl "40/5400+30:1800+30"]

1. e4 e5 2. Nf3 Nc6 3. Bb5 a6 4. Ba4 Nf6 5. O-O Be7 6. Re1 b5 7. Bb3 O-O 8. c3 d5 9. exd5 Nxd5 10. Nxe5 Nxe5 11. Rxe5 c6 12. d4 Bd6 13. Re1 Qh4 14. g3 Qh3 15. Re4 g5 16. Qf1 Qxf1+ 17. Kxf1 Bh3+ 18. Kg1 Rae8 19. Rxe8 Rxe8 20. Bd2 Nb6 21. Be3 Nd5 22. Bxd5 cxd5 23. Nd2 h6 24. Re1 f6 25. f3 Bf5 26. Bf2 Rc8 27. g4 Bd7 28. Bg3 Bf8 29. Nb3 Kf7 30. a3 Be6 31. Kg2 Be7 32. h3 h5 33. Bf2 hxg4 34. hxg4 Rh8 35. Bg3 Rc8 36. Na5 f5 37. gxf5 Bxf5 38. Nb7 g4 39. fxg4 Be4+ 40. Kf2 Ke6 41. Nc5+ Bxc5 42. dxc5 Rxc5 43. Ke3 a5 44. Rf1 b4 45. axb4 axb4 46. Be1 b3 1/2-1/2

[Event "56th Rubinstein Memorial A 2020"]
[Site "Polanica Zdroj"]
[Date "2020.08.19"]
[Round "5.9"]
[White "Kowalczyk, Rafal"]
[Black "Polak, Michal"]
[Result "1-0"]
[ECO "B35"]
[WhiteElo "2268"]
[BlackElo "1878"]
[Annotator "ChessBase"]
[PlyCount "67"]
[EventDate "2020.08.15"]
[EventType "swiss"]
[EventCountry "POL"]
[SourceTitle "playchess.com"]
[Source "ChessBase"]
[SourceQuality "1"]
[TimeControl "40/5400+30:1800+30"]

1. e4 c5 2. Nf3 g6 3. d4 cxd4 4. Nxd4 Bg7 5. Nc3 Nc6 6. Be3 Nf6 7. Bc4 O-O 8. Bb3 a5 9. O-O a4 10. Nxa4 Nxe4 11. Nb5 d5 12. Bb6 Qd7 13. Qe2 e6 14. Rad1 Na5 15. f3 Nf6 16. Nc7 Nxb3 17. cxb3 Rxa4 18. bxa4 Qxa4 19. b3 Qc6 20. Qb5 Bd7 21. a4 Bh6 22. Qxc6 Bxc6 23. Bd4 Nd7 24. f4 Rc8 25. Nb5 g5 26. g3 gxf4 27. gxf4 f6 28. Nd6 Ra8 29. Rd3 Rf8 30. Re3 e5 31. Rg3+ Kh8 32. fxe5 fxe5 33. Rxf8+ Bxf8 34. Nf7# 1-0

[Event "56th Rubinstein Memorial A 2020"]
[Site "Polanica Zdroj"]
[Date "2020.08.19"]
[Round "5.11"]
[White "Fiedorek, Michal"]
[Black "Hasterok, Mateusz"]
[Result "1/2-1/2"]
[ECO "B46"]
[WhiteElo "2212"]
[BlackElo "2056"]
[Annotator "ChessBase"]
[PlyCount "83"]
[EventDate "2020.08.15"]
[EventType "swiss"]
[EventCountry "POL"]
[SourceTitle "playchess.com"]
[Source "ChessBase"]
[SourceQuality "1"]
[TimeControl "40/5400+30:1800+30"]

1. e4 c5 2. Nf3 Nc6 3. d4 cxd4 4. Nxd4 e6 5. Nc3 a6 6. Nxc6 bxc6 7. Bd3 d5 8. O-O Nf6 9. Qf3 Be7 10. Qg3 Nh5 11. Qf3 Nf6 12. e5 Nd7 13. Qg3 Kf8 14. Bf4 Bb7 15. Na4 c5 16. c4 d4 17. b3 h5 18. h3 Bh4 19. Qh2 g5 20. Bd2 g4 21. Rae1 Rg8 22. hxg4 Rxg4 23. f3 Bxe1 24. Bh6+ Ke8 25. fxg4 Qh4 26. gxh5 Qxh2+ 27. Kxh2 Nxe5 28. Nxc5 Bb4 29. Bg7 Ng4+ 30. Kg3 Bxc5 31. Kxg4 Bxg2 32. Rg1 f5+ 33. Kf4 Bc6 34. h6 Kf7 35. Be5 Rg8 36. Bxf5 Rxg1 37. h7 Rh1 38. Bd3 Be7 39. h8=Q Rxh8 40. Bxh8 Bf6 41. Bxf6 Kxf6 42. Be4 1/2-1/2

[Event "56th Rubinstein Memorial A 2020"]
[Site "Polanica Zdroj"]
[Date "2020.08.19"]
[Round "5.16"]
[White "Jachym, Adam"]
[Black "Kasperek, Ryszard"]
[Result "0-1"]
[ECO "B22"]
[WhiteElo "2042"]
[BlackElo "2202"]
[Annotator "ChessBase"]
[PlyCount "78"]
[EventDate "2020.08.15"]
[EventType "swiss"]
[EventCountry "POL"]
[SourceTitle "playchess.com"]
[Source "ChessBase"]
[SourceQuality "1"]
[TimeControl "40/5400+30:1800+30"]

1. e4 c5 2. c3 Nf6 3. e5 Nd5 4. d4 cxd4 5. Nf3 Nc6 6. cxd4 d6 7. Bc4 Nb6 8. Bb5 dxe5 9. Nxe5 Bd7 10. Bxc6 Bxc6 11. Nxc6 bxc6 12. Nc3 g6 13. Qf3 Rc8 14. O-O Bg7 15. Rd1 O-O 16. Ne4 Qd5 17. Bg5 Rfe8 18. Bf4 f5 19. Nc3 Qxf3 20. gxf3 Red8 21. Be5 Bxe5 22. dxe5 Nc4 23. e6 Nxb2 24. Rd7 Rxd7 25. exd7 Rd8 26. Rb1 Nd3 27. Rb7 Nc5 28. Rxa7 Rxd7 29. Ra8+ Kf7 30. Rc8 Rd3 31. Ne2 Ne6 32. Rxc6 Rd2 33. Nc3 Rc2 34. Rc4 g5 35. h4 Nf4 36. hxg5 Ne2+ 37. Kf1 Rxc3 38. Rh4 Rc2 39. Rxh7+ Ke6 0-1

[Event "56th Rubinstein Memorial A 2020"]
[Site "Polanica Zdroj"]
[Date "2020.08.19"]
[Round "5.17"]
[White "Grzesik, Norbert"]
[Black "Goraj, Barbara"]
[Result "0-1"]
[ECO "B61"]
[WhiteElo "1980"]
[BlackElo "2099"]
[Annotator "ChessBase"]
[PlyCount "64"]
[EventDate "2020.08.15"]
[EventType "swiss"]
[EventCountry "POL"]
[SourceTitle "playchess.com"]
[Source "ChessBase"]
[SourceQuality "1"]
[TimeControl "40/5400+30:1800+30"]

1. e4 c5 2. Nf3 d6 3. d4 cxd4 4. Nxd4 Nf6 5. Nc3 Nc6 6. Bg5 Bd7 7. Qd2 Rc8 8. O-O-O Nxd4 9. Qxd4 Qa5 10. Bxf6 gxf6 11. Kb1 Qc5 12. Qd2 Bg7 13. f4 f5 14. e5 O-O 15. exd6 e6 16. h4 b5 17. Rh3 Bf6 18. Bd3 b4 19. Ne2 Rfd8 20. h5 Kh8 21. Qe3 Be8 22. g4 Qxd6 23. gxf5 exf5 24. Ng3 Bd7 25. Rhh1 Be6 26. h6 Qd5 27. b3 Qc6 28. Ne2 Bd5 29. Rhf1 Re8 30. Qd2 Bf3 31. Rde1 Red8 32. Qe3 Bxe2 0-1

[Event "56th Rubinstein Memorial A 2020"]
[Site "Polanica Zdroj"]
[Date "2020.08.19"]
[Round "5.20"]
[White "Siekanska, Maria"]
[Black "Domanski, Lukasz"]
[Result "1/2-1/2"]
[ECO "A40"]
[WhiteElo "1928"]
[BlackElo "2039"]
[Annotator "NA"]
[PlyCount "61"]
[EventDate "2020.08.15"]
[EventType "swiss"]
[EventCountry "POL"]
[SourceTitle "playchess.com"]
[Source "ChessBase"]
[SourceQuality "1"]
[TimeControl "40/5400+30:1800+30"]

1. d4 e6 2. c4 b6 3. Nc3 Bb4 4. e3 Bb7 5. Nge2 f5 6. a3 {[%emt 0:00:47] A40: Unusual replies to 1 d4.} Bxc3+ {[%emt 0:03:31] Recently 6...Be7 got a lot of attention.} 7. Nxc3 d6 {[%emt 0:03:05] [#]} 8. Bd3 $146 ({Predecessor:} 8. d5 e5 9. Bd3 Bc8 10. O-O Nf6 11. f4 e4 12. Be2 a6 13. b4 Nbd7 14. Bb2 {1-0 (42) Yrjola,J (2430)-Pyhala,A (2385) Joensuu 1989}) 8... Nf6 9. d5 O-O 10. Qc2 g6 11. h4 ({White should play} 11. O-O $14) 11... Nbd7 12. b3 Ne5 13. Bb2 Nxd3+ 14. Qxd3 e5 15. O-O-O Ne4 16. Qc2 Nxc3 17. Qxc3 f4 18. exf4 Rxf4 {[%emt 0:00:50] Double Attack} 19. f3 Qf6 $11 20. h5 g5 21. h6 Qf5 22. Rd3 Rf8 23. Kb1 Rd4 24. Rhd1 Rh4 25. g3 Rxh6 26. f4 Rh2 27. fxe5 Qxe5 28. Qc1 Qf5 29. Qc3 Qe5 30. Qc1 Qf5 31. Qc3 1/2-1/2

[Event "56th Rubinstein Memorial A 2020"]
[Site "Polanica Zdroj"]
[Date "2020.08.19"]
[Round "5.21"]
[White "Rogacewicz, Mikolaj"]
[Black "Jedynak, January"]
[Result "1-0"]
[ECO "D30"]
[WhiteElo "1970"]
[BlackElo "1887"]
[Annotator "ChessBase"]
[PlyCount "39"]
[EventDate "2020.08.15"]
[EventType "swiss"]
[EventCountry "POL"]
[SourceTitle "playchess.com"]
[Source "ChessBase"]
[SourceQuality "1"]
[TimeControl "40/5400+30:1800+30"]

1. d4 d5 2. c4 e6 3. Nf3 c6 4. e3 f5 5. Bd3 Nf6 6. O-O Bd6 7. b3 Qe7 8. a4 Nbd7 9. Ba3 c5 10. cxd5 Nxd5 11. Nbd2 O-O 12. Nc4 Bc7 13. Nfe5 Nxe5 14. Bxc5 Qh4 15. dxe5 Rf6 16. g3 Rg6 17. Bxf5 exf5 18. Qxd5+ Kh8 19. Qf7 Qd8 20. Rad1 1-0

[Event "56th Rubinstein Memorial A 2020"]
[Site "Polanica Zdroj"]
[Date "2020.08.19"]
[Round "5.23"]
[White "Mirowska, Oliwia"]
[Black "Starosciak, Szymon"]
[Result "0-1"]
[ECO "B21"]
[WhiteElo "1898"]
[BlackElo "1850"]
[Annotator "NA"]
[PlyCount "48"]
[EventDate "2020.08.15"]
[EventType "swiss"]
[EventCountry "POL"]
[SourceTitle "playchess.com"]
[Source "ChessBase"]
[SourceQuality "1"]
[TimeControl "40/5400+30:1800+30"]

1. e4 c5 2. f4 Nc6 3. Bc4 e6 4. Nc3 g6 5. Nf3 Bg7 6. O-O Nge7 7. e5 d6 8. exd6 Qxd6 9. Ne4 Qc7 10. c3 b6 11. Qe2 O-O 12. Bb3 Bb7 13. Neg5 Bc8 14. Qf2 h6 15. Ne4 Ba6 16. Re1 Nd5 17. Bxd5 exd5 18. Ng3 Qxf4 19. d4 Qd6 20. dxc5 bxc5 21. Nh4 Qf6 22. Qxc5 Ne5 23. Qd4 Nd3 24. Rd1 Qxd4+ 0-1

[Event "56th Rubinstein Memorial A 2020"]
[Site "Polanica Zdroj"]
[Date "2020.08.19"]
[Round "5.24"]
[White "Topola, Rafal"]
[Black "Dytman, Radoslaw"]
[Result "*"]
[ECO "B01"]
[WhiteElo "1808"]
[BlackElo "1867"]
[Annotator "NA"]
[PlyCount "35"]
[EventDate "2020.08.15"]
[EventType "swiss"]
[EventCountry "POL"]
[SourceTitle "playchess.com"]
[Source "ChessBase"]
[SourceQuality "1"]
[TimeControl "40/5400+30:1800+30"]

1. e4 d5 2. exd5 Nf6 3. Bb5+ Bd7 4. Bxd7+ Qxd7 5. Nc3 Nxd5 6. Nxd5 Qxd5 7. Qf3 Qxf3 8. Nxf3 Nc6 9. a3 g6 10. d4 Bg7 11. Be3 O-O-O 12. O-O-O e6 13. Rhe1 Rd5 14. c3 $11 h6 15. h4 a5 16. a4 b6 17. Bf4 Kb7 18. Be5 *

[Event "56th Rubinstein Memorial A 2020"]
[Site "Polanica Zdroj"]
[Date "2020.08.19"]
[Round "5.25"]
[White "Hetzer, Volkhard"]
[Black "Stachecki, Mikolaj"]
[Result "1/2-1/2"]
[ECO "A05"]
[WhiteElo "1911"]
[BlackElo "1806"]
[Annotator "ChessBase"]
[PlyCount "68"]
[EventDate "2020.08.15"]
[EventType "swiss"]
[EventCountry "POL"]
[SourceTitle "playchess.com"]
[Source "ChessBase"]
[SourceQuality "1"]
[TimeControl "40/5400+30:1800+30"]

1. Nf3 Nf6 2. c4 g6 3. Nc3 Bg7 4. g3 O-O 5. Bg2 d6 6. O-O Nc6 7. Rb1 a5 8. a3 e5 9. d3 Re8 10. Nd2 Nd4 11. e3 Ne6 12. b4 axb4 13. axb4 c6 14. Bb2 d5 15. cxd5 cxd5 16. Nf3 d4 17. exd4 Nxd4 18. Nxd4 exd4 19. Nb5 Qb6 20. Nxd4 Bg4 21. Bf3 Nd5 22. Qb3 Bxd4 23. Bxd4 Qxd4 24. Bxd5 Be6 25. Bxe6 Rxe6 26. Rfe1 Rea6 27. Re4 Qd7 28. Rbe1 Ra3 29. Qc4 Qxd3 30. Re8+ Rxe8 31. Rxe8+ Kg7 32. Qxd3 Rxd3 33. Re7 b6 34. Rb7 Rd6 1/2-1/2

[Event "56th Rubinstein Memorial A 2020"]
[Site "Polanica Zdroj"]
[Date "2020.08.19"]
[Round "5.26"]
[White "Kowalczyk, Wojciech"]
[Black "Hertlein, Irena"]
[Result "1-0"]
[ECO "B24"]
[WhiteElo "1873"]
[BlackElo "1905"]
[Annotator "NA"]
[PlyCount "71"]
[EventDate "2020.08.15"]
[EventType "swiss"]
[EventCountry "POL"]
[SourceTitle "playchess.com"]
[Source "ChessBase"]
[SourceQuality "1"]
[TimeControl "40/5400+30:1800+30"]

1. e4 c5 2. Nc3 Nc6 3. Bb5 g6 4. Bxc6 dxc6 5. Nge2 Bg7 6. O-O e5 7. d3 Ne7 8. Be3 b6 9. Qd2 O-O 10. Ng3 Be6 11. b3 Qd7 12. Rad1 $15 (12. Bh6 $1 $11) 12... Rad8 13. a4 a5 14. Nb1 f6 15. Na3 g5 16. Nc4 Qc7 17. Qe1 Ng6 18. f3 Nf4 19. Bxf4 gxf4 20. Nf5 Bxf5 21. exf5 Kh8 22. g3 fxg3 23. hxg3 Rg8 24. Qe3 Bf8 25. Kf2 b5 26. Nd2 Rg5 27. Ne4 Rxf5 28. g4 Rf4 29. Rh1 Rd7 30. Nxc5 Bxc5 31. Qxc5 Qa7 32. Qxa7 Rxa7 33. axb5 cxb5 34. Ra1 Rd4 35. Ke3 Kg7 36. c4 1-0

[Event "56th Rubinstein Memorial A 2020"]
[Site "Polanica Zdroj"]
[Date "2020.08.19"]
[Round "5.27"]
[White "Rog, Bartlomiej"]
[Black "Bojczewski, Mateusz"]
[Result "1/2-1/2"]
[ECO "B17"]
[WhiteElo "1866"]
[BlackElo "1886"]
[Annotator "NA"]
[PlyCount "79"]
[EventDate "2020.08.15"]
[EventType "swiss"]
[EventCountry "POL"]
[SourceTitle "playchess.com"]
[Source "ChessBase"]
[SourceQuality "1"]
[TimeControl "40/5400+30:1800+30"]

1. e4 c6 2. d4 d5 3. Nc3 dxe4 4. Nxe4 Nd7 5. Ng5 Ngf6 6. Bd3 e6 7. N1f3 Bd6 8. Qe2 h6 9. Ne4 Nxe4 10. Qxe4 Nf6 {[%emt 0:00:30] 10...Nf6 was played by the boomers.} 11. Qh4 Qc7 {[%emt 0:09:19] B17: Caro-Kann: Modern Line (4...Nd7).} 12. Bg5 Nd5 13. O-O {[%emt 0:04:32] [#]} Bf4 $146 ({Predecessor:} 13... b6 14. a3 Bb7 15. c4 Ne7 16. Be3 c5 17. dxc5 Bxc5 18. Bf4 Bd6 19. Bxd6 Qxd6 {1-0 (59) Mader,M (2204)-Duessel,U (2283) Germany 2008}) 14. Bxf4 Qxf4 15. Qxf4 Nxf4 16. Bc4 b5 17. Bb3 Bb7 18. Rfe1 c5 19. dxc5 Bxf3 20. gxf3 $11 Rc8 21. Re4 g5 22. a4 Rxc5 23. axb5 O-O 24. Rb4 Rd8 25. b6 axb6 26. Rxb6 Rd2 27. Rf1 Re5 28. Rb4 Ree2 29. Rxf4 gxf4 30. Bc4 Re5 31. Bd3 Rg5+ 32. Kh1 Kf8 33. b4 Ke7 34. b5 Rxd3 35. cxd3 Rxb5 36. Re1 Rg5 37. Re4 e5 38. d4 f6 39. dxe5 fxe5 40. Ra4 1/2-1/2

[Event "56th Rubinstein Memorial A 2020"]
[Site "Polanica Zdroj"]
[Date "2020.08.20"]
[Round "6.2"]
[White "Cukrowski, Filip"]
[Black "Sabuk, Piotr"]
[Result "0-1"]
[ECO "A20"]
[WhiteElo "2419"]
[BlackElo "2377"]
[Annotator "ChessBase"]
[PlyCount "81"]
[EventDate "2020.08.15"]
[EventType "swiss"]
[EventCountry "POL"]
[SourceTitle "playchess.com"]
[Source "ChessBase"]
[SourceQuality "1"]
[TimeControl "40/5400+30:1800+30"]

1. c4 e5 2. g3 Nf6 3. Bg2 d5 4. cxd5 Nxd5 5. Nc3 Nxc3 6. bxc3 Nc6 7. Bb2 Bc5 8. d4 exd4 9. cxd4 Nxd4 10. Rc1 Bb6 11. Bxd4 Bxd4 12. Qa4+ c6 13. Rd1 Bc3+ 14. Kf1 Qf6 15. Qa3 a5 16. Nf3 h6 17. Rb1 Rb8 18. h4 Be6 19. Nd2 Bb4 20. Qe3 Rd8 21. Nb3 O-O 22. Bf3 Bf5 23. Kg2 Bxb1 24. Rxb1 Rfe8 25. Qb6 Qf5 26. Rc1 Qb5 27. Qxb5 cxb5 28. e3 Rc8 29. Rb1 Rc2 30. a3 Bxa3 31. Nxa5 b4 32. Rd1 Bc1 33. Kf1 b6 34. Nb3 Bb2 35. Rd7 Bf6 36. Bd5 Be7 37. Rb7 Rd8 38. e4 Bc5 39. f4 Rb2 40. Nxc5 bxc5 41. Rc7 0-1